 Dungeon Crawl Stone Soup version 0.29.1-13-g9f3cf754e1 (webtiles) character file.

Game seed: 2707789005005164433

71 BeingJoeMalik the Caller (level 4, 0/24 HPs)
             Began as a Tengu Summoner on Feb 2, 2023.
             Was an Initiate of Okawaru.
             Succumbed to an adder's poison
             ... on level 3 of the Dungeon.
             The game lasted 00:07:32 (1889 turns).

BeingJoeMalik the Caller (Tengu Summoner)           Turns: 1889, Time: 00:07:32

Health: 0/24       AC:  4    Str: 20    XL:     4   Next: 24%
Magic:  8/8        EV: 12    Int: 17    God:    Okawaru [......]
Gold:   115        SH:  0    Dex: 15    Spells: 1/7 levels left

rFire   . . .      SeeInvis .   (no weapon)
rCold   + . .      Faith    .   (no shield)
rNeg    . . .      Spirit   .   l - +2 robe {rC+}
rPois   .          Reflect  .   (helmet restricted)
rElec   .          Harm     .   (no cloak)
rCorr   .          Rampage  .   (no gloves)
Will    .....                   (boots unavailable)
Stlth   ++........              (no amulet)
HPRegen 0.08/turn               f - +6 ring of strength
MPRegen 0.11/turn               k - +6 ring of strength

@: lethally poisoned (0 -> -9)
A: beak, talons 3
a: Renounce Religion


You were on level 3 of the Dungeon.
You worshipped Okawaru.
Okawaru was noncommittal.
You visited 1 branch of the dungeon, and saw 3 of its levels.

You collected 115 gold pieces.

Inventory:

Armour
 j - an orb of wrath
 l - a +2 robe of cold resistance (worn)
Jewellery
 f - a +6 ring of strength (left hand)
 k - a +6 ring of strength (right hand)
Scrolls
 a - a scroll of teleportation {unknown}
 c - a scroll of brand weapon {unknown}
 h - a scroll of identify {unknown}
Potions
 b - a potion of magic
 d - 2 potions of degeneration {unknown}
 e - a potion of heal wounds {unknown}
 g - a potion of attraction {unknown}
 i - a potion of brilliance {unknown}


   Skills:
 - Level 2.1 Dodging
 - Level 2.0 Stealth
 - Level 2.0 Spellcasting
 + Level 6.8 Summonings


You had one spell level left.
You knew the following spells:

 Your Spells              Type           Power      Damage    Failure   Level
a - Summon Small Mammal   Summ           96%        N/A       1%          1
b - Call Imp              Summ           24%        N/A       1%          2
c - Call Canine Familiar  Summ           24%        N/A       3%          3

Your spell library contained the following spells:

 Spells                   Type           Power      Damage    Failure   Level
 Portal Projectile        Hex/Tloc       2%         N/A       50%         3
 Leda's Liquefaction      Hex/Erth       0%         N/A       88%         4
 Summon Guardian Golem    Hex/Summ       Unusable   N/A       N/A         3
 Summon Lightning Spire   Summ/Air       Unusable   N/A       N/A         4

Dungeon Overview and Level Annotations

Branches:
Dungeon (3/15)

Altars:
Okawaru

Annotations:
D:2 Sigmund


Innate Abilities, Weirdness & Mutations

You have a beak for a mouth.
You have claws for feet.


Message History

You kill the hobgoblin!
a - a scroll labelled DUUC QEUDOKIQACWI
Found a potion of magic.
An adder comes into view.
There is an iron altar of Okawaru here.
You kneel at the altar of Okawaru.
Okawaru welcomes you!
Your summoned allies are dismissed!
Your quokka disappears in a puff of smoke!
Your crimson imp disappears in a puff of smoke!
Casting: Call Imp (safe; 1% risk of failure)
Confirm with . or Enter, or press ? or * to list all spells.
You cannot coerce anything to answer your summons.
The adder bites you but does no damage. The adder barely misses you.
The adder bites you but does no damage. The adder barely misses you.
The adder closely misses you. The adder misses you.
The adder closely misses you. The adder bites you. The adder bites you.
The adder barely misses you. The adder closely misses you.
The adder barely misses you. The adder closely misses you. The adder bites you.
The adder bites you. x2
The adder closely misses you. The adder closely misses you.
The adder bites you but does no damage. The adder bites you.
The adder bites you.
You are poisoned.
The adder poisons you!
You feel sick. The adder closely misses you.
You feel sick. The adder bites you. x2
* * * LOW HITPOINT WARNING * * *
You are more poisoned.
The adder poisons you!
* * * LOW HITPOINT WARNING * * *
You feel very sick. The adder bites you but does no damage.
You die...

#... #### .... #...
..... ####. ... ......
#########...!##.##......
..........#..#...#......
.#.###### #......S......
##.# ##...._@.....(.
#.#######..............
#...........#...#......
#####.#.....##.##......
#####..................
##............$.........
....####................
##.# #..........<.......
# #...................


You could see an adder.

Vanquished Creatures
  3 endoplasms
  3 hobgoblins
  2 ball pythons (D:1)
8 creatures vanquished.

Vanquished Creatures (collateral kills)
  Jessica (D:3)
  A dart slug (D:1)
  4 ball pythons
  3 endoplasms (D:1)
  4 giant cockroaches
  2 goblins (D:1)
  7 hobgoblins
  A quokka (D:1)
  A frilled lizard (D:3)
  A kobold (D:1)
  3 rats
28 creatures vanquished.

Grand Total: 36 creatures vanquished

Notes
Turn   | Place    | Note
-------+----------+-------------------------------------------
     0 | D:1      | BeingJoeMalik the Tengu Summoner began the quest for the
                  | Orb.
     0 | D:1      | Reached XP level 1. HP: 10/10 MP: 4/4
    40 | D:1      | Reached skill level 5 in Summonings
   173 | D:1      | Found a faded altar of an unknown god.
   182 | D:1      | Reached XP level 2. HP: 15/15 MP: 3/6
   185 | D:1      | Learned a level 2 spell: Call Imp
  1120 | D:1      | Reached XP level 3. HP: 19/19 MP: 5/7
  1124 | D:1      | Learned a level 3 spell: Call Canine Familiar
  1179 | D:1      | Reached skill level 6 in Summonings
  1582 | D:2      | Noticed Sigmund
  1725 | D:3      | Noticed Jessica
  1761 | D:3      | Killed Jessica
  1762 | D:3      | Reached XP level 4. HP: 24/24 MP: 3/8
  1848 | D:3      | Found an iron altar of Okawaru.
  1869 | D:3      | Became a worshipper of Warmaster Okawaru
  1889 | D:3      | Succumbed to an adder's poison

Illustrated notes

Levels and vault maps discovered:
D:1:      minmay_arrival_wavy_path, layout_loops_ring,
          shapermc_ecumenical_altar_totnotflames, minmay_domino_2
D:2:      layout_basic, uniq_terence, uniq_sigmund
D:3:      layout_rooms, okawaru_gym_becter, uniq_jessica

Skill      XL: |  1  2  3 |
---------------+----------+-----
Summonings     | 5 6 |  6.8
Dodging        | |  2.1
Stealth        | |  2.0
Spellcasting   | |  2.0

Action                   |  1- 3 |  4- 6 || total
-------------------------+-------+-------++-------
Melee: Unarmed           |    37 |     4 ||    41
       Kick              |     9 |     3 ||    12
       Peck              |     7 |       ||     7
       Punch             |     1 |       ||     1
 Cast: Summon Small Mamm |    34 |     1 ||    35
       Call Imp          |     6 |     1 ||     7
 Stab: Sleeping          |     1 |       ||     1
Armor: Robe              |     4 |     4 ||     8
Dodge: Dodged            |    25 |    15 ||    40
